 Dungeon Crawl Stone Soup version 0.31-a0-233-g139696dc86 (webtiles) character file.

Game seed: 8380927065224069199

410 qw the Shooter (level 6, -3/37 HPs)
             Began as a Gargoyle Hexslinger on July 8, 2023.
             Killed by divine providence
             ... invoked by an orc priest
              (14 damage)
             ... on level 4 of the Dungeon.
             The game lasted 00:01:09 (2769 turns).

qw the Shooter (Gargoyle Hexslinger)                Turns: 2769, Time: 00:01:10

Health: -3/37      AC: 13    Str: 11    XL:     6   Next: 89%
Magic:  7/7        EV: 10    Int: 14    God:
Gold:   187        SH:  0    Dex: 14    Spells: 6/7 levels left

rFire   . . .        Y - +1 sling
rCold   + . .        (no shield)
rNeg    + . .        j - +2 ring mail of a treasure trove {rC+ rCorr SInv}
rPois   inf          (no helmet)
rElec   +            e - +1 cloak
rCorr   +            (no gloves)
SInv    +            (no boots)
Will    .....        (no amulet)
Stlth   +            (no ring)
HPRegen 0.26/turn    (no ring)
MPRegen 0.10/turn

%: no passive effects
@: no status effects
A: sickness immunity, AC +4, negative energy resistance 1, electricity
resistance, torment resistance 1, petrification resistance
a: no special abilities


You were on level 4 of the Dungeon.
You visited 1 branch of the dungeon, and saw 4 of its levels.

You collected 187 gold pieces.


Innate Abilities, Weirdness & Mutations

You are immune to sickness and miasma.
Your stone body is resilient. (AC +4)
You are immune to poison.
You resist negative energy. (rN+)
You are resistant to electric shocks. (rElec)
You are resistant to unholy torment.
You are immune to petrification.


   Skills:
 + Level 3.4 Fighting
 - Level 6.2 Ranged Weapons
 - Level 1.2 Armour
 - Level 1.5 Dodging
 - Level 1.0 Spellcasting
 - Level 2.6 Hexes


You had 6 spell levels left.
You knew the following spells:

 Your Spells              Type           Power      Damage    Failure   Level
a - Slow                  Hex            32%        N/A       21%         1

Your spell library contained the following spells:

 Spells                   Type           Power      Damage    Failure   Level
 Inner Flame              Hex/Fire       4%         N/A       71%         3
 Portal Projectile        Hex/Tloc       8%         N/A       71%         3
 Cause Fear               Hex            4%         N/A       90%         4

Inventory:

Hand Weapons
 Y - a +1 sling (weapon)
Armour
 e - a +1 cloak (worn)
 j - the +2 ring mail of a treasure trove (worn) {rC+ rCorr SInv}
   (You found it on level 3 of the Dungeon)

   rC:        It protects you from cold.
   SInv:      It lets you see invisible.
   rCorr:     It protects you from acid and corrosion.
Jewellery
 c - a ring of see invisible
 k - a ring of resist corrosion
Scrolls
 f - a scroll of noise {unknown}
 i - 2 scrolls of teleportation
Potions
 a - a potion of might {unknown}
 b - a potion of haste {unknown}
 d - a potion of heal wounds {unknown}
 g - a potion of lignification {unknown}
 l - a potion of degeneration {unknown}
 m - a potion of brilliance {unknown}
 n - a potion of cancellation {unknown}

Dungeon Overview and Level Annotations

Branches:
Dungeon (4/15)
 Temple: D:4-7

Altars:
Kikubaaqudgha
Sif Muna


Message History

The orc closely misses you. The orc hits you but does no damage.
You shoot a sling bullet.
The sling bullet barely misses the orc wizard.
The orc hits you but does no damage. The orc wizard completely misses you.
You shoot a sling bullet. The sling bullet hits the orc.
The orc is almost dead.
The orc barely misses you. The orc closely misses you.
The orc wizard points at you and mumbles some strange words.
The puff of flame hits you!
You shoot a sling bullet. The sling bullet hits the orc.
You kill the orc!
You hear a shout!
The orc hits you but does no damage. The orc wizard closely misses you.
You shoot a sling bullet.
The sling bullet barely misses the orc wizard.
The orc barely misses you.
An orc priest comes into view.
It is wielding a +0 flail and wearing a +0 leather armour of willpower.
The orc wizard hits you with a +0 dagger.
The orc priest casts a cantrip, but nothing happens.
The orc hits you but does no damage.
The orc wizard hits you but does no damage.
You shoot a sling bullet.
The sling bullet closely misses the orc wizard.
The orc barely misses you.
You shoot a sling bullet. The sling bullet hits the orc wizard!
The orc wizard is severely wounded.
The orc barely misses you.
The orc wizard hits you but does no damage.
You shoot a sling bullet. The sling bullet hits the orc wizard.
The orc wizard is severely wounded.
The orc hits you but does no damage.
The orc wizard hits you but does no damage.
The orc priest calls down the wrath of Beogh upon you.
Pain shoots through your body!
You shoot a sling bullet.
The sling bullet barely misses the orc wizard.
The orc barely misses you.
The orc priest mumbles some strange prayers to Beogh against you.
Beogh smites you!
You die...

# .# .# ..##
#...###
#####o.....#
#...@o..#
#.###o.##
##.######.# #.#
..........# .).
##.#.####.#######.
..#............#
.#
#.#..###.####... #
#.#..# #.....#
#.#..###.##.##


You could see an orc priest, an orc wizard and an orc.

Vanquished Creatures
  Sigmund (D:3)
  A phantom (D:4)
  A scorpion (D:4)
  An orc wizard (D:4)
  4 adders
  A worm (D:2)
  2 dart slugs
  2 orcs
  8 ball pythons
  3 bats (D:1)
  7 endoplasms
  3 giant cockroaches
  2 goblins
  6 hobgoblins
  4 jackals (D:1)
  6 kobolds
  2 quokkas (D:3)
  4 frilled lizards
  7 rats
65 creatures vanquished.

Notes
Turn   | Place    | Note
-------+----------+-------------------------------------------
     0 | D:1      | qw the Gargoyle Hexslinger began the quest for the Orb.
     0 | D:1      | Reached XP level 1. HP: 12/12 MP: 2/2
     0 | D:1      | 0 ||| qw: Version: 0.3-a-46-gb1f654a
     0 | D:1      | 0 ||| qw: Game counter: 3434
     0 | D:1      | 0 ||| qw: Melee chars always use a shield: true
     0 | D:1      | 0 ||| qw: God list: Okawaru
     0 | D:1      | 0 ||| qw: Allow faded altars: false
     0 | D:1      | 0 ||| qw: Do Orc after clearing Dungeon:15 true
     0 | D:1      | 0 ||| qw: Do second Lair branch before Depths: true
     0 | D:1      | 0 ||| qw: Lair rune preference: random
     0 | D:1      | 0 ||| qw: Goals: Normal
     0 | D:1      | 0 ||| PLANNING D:1-11
    32 | D:1      | Reached XP level 2. HP: 16/16 MP: 3/3
    58 | D:1      | Reached skill level 3 in Ranged Weapons
   134 | D:1      | Found a faded altar of an unknown god.
   247 | D:1      | Reached XP level 3. HP: 21/21 MP: 4/4
   888 | D:1      | 888 ||| UPGRADING to +0 ring mail.
   898 | D:1      | 898 ||| DROPPING +0 robe.
   899 | D:1      | 899 ||| UPGRADING to +0 cloak.
   904 | D:1      | 904 ||| UPGRADING to ring of resist corrosion.
   905 | D:1      | 905 ||| READING scroll labelled XIYXZOUC GIRU.
   906 | D:1      | 906 ||| READING 3 scrolls labelled KOIQADDIAN.
   911 | D:1      | 911 ||| READING scroll labelled QANEFA GIAMP.
   912 | D:1      | 912 ||| DROPPING scroll of poison.
   946 | D:2      | 946 ||| STAIRDANCE
   961 | D:2      | 961 ||| STAIRDANCE
  1059 | D:2      | Reached skill level 1 in Armour
  1071 | D:2      | Found an ancient bone altar of Kikubaaqudgha.
  1154 | D:2      | HP: 5/21 [worm (6)]
  1155 | D:2      | 1155 ||| READING 2 scrolls of teleportation.
  1158 | D:2      | Reached XP level 4. HP: 8/26 MP: 5/5
  1446 | D:2      | 1446 ||| UPGRADING to ring of see invisible.
  1447 | D:2      | 1447 ||| READING scroll labelled KANTAT KADDYAH.
  1448 | D:2      | 1448 ||| DRINKING 2 red potions.
  1552 | D:2      | 1552 ||| DRINKING 2 glowing black potions.
  1553 | D:2      | 1553 ||| DRINKING 2 smoky red potions.
  1554 | D:2      | 1554 ||| DRINKING potion of curing.
  1554 | D:2      | 1554 ||| (to cure confusion)
  1555 | D:2      | 1555 ||| DROPPING potion of berserk rage.
  1556 | D:2      | 1556 ||| DROPPING potion of ambrosia.
  1613 | D:3      | Found a shimmering blue altar of Sif Muna.
  1817 | D:3      | Reached skill level 4 in Ranged Weapons
  1901 | D:3      | Noticed Sigmund
  1914 | D:3      | Killed Sigmund
  1915 | D:3      | Reached skill level 5 in Ranged Weapons
  1915 | D:3      | Reached XP level 5. HP: 21/30 MP: 6/6
  1915 | D:3      | Reached XP level 6. HP: 25/35 MP: 7/7
  2210 | D:3      | Identified the +2 ring mail of a treasure trove {rC+ rCorr
                  | SInv}
  2551 | D:3      | 2551 ||| UPGRADING to +1 cloak.
  2561 | D:3      | 2561 ||| DROPPING +0 cloak.
  2562 | D:3      | 2562 ||| UPGRADING to +2 ring mail of a treasure trove {rC+
                  | rCorr SInv}.
  2572 | D:3      | 2572 ||| REMOVING ring of see invisible.
  2573 | D:3      | 2573 ||| REMOVING ring of resist corrosion.
  2574 | D:3      | 2574 ||| DROPPING +0 ring mail.
  2575 | D:3      | 2575 ||| READING scroll labelled TOCKING ASURR.
  2636 | D:4      | Reached skill level 3 in Fighting
  2705 | D:4      | Reached skill level 6 in Ranged Weapons
  2769 | D:4      | Killed from afar by an orc priest

Levels and vault maps discovered:
D:1:      heliophobic_arrival_battle_scene, layout_basic, serial_forest,
          infiniplex_forest_straight_2, infiniplex_forest_join,
          infiniplex_forest_end_2, infiniplex_forest_clump_medium,
          infiniplex_forest_fountain, infiniplex_forest_clump_small,
          infiniplex_forest_lined_3,
          dreamdust_ecumenical_altar_angels_and_demons
D:2:      layout_rooms, basic_altar
D:3:      layout_loops_corners, lemuel_crystal_altar, kennysheep_doodads,
          dk_noncrumbling_3, uniq_sigmund
D:4:      layout_loops_ring

Skill      XL: |  1  2  3  4  5  6 |
---------------+-------------------+-----
Ranged Weapons | 3 5 6 |  6.2
Fighting       | 2 3 |  3.4
Armour         | 1 |  1.2
Dodging        | |  1.5
Spellcasting   | |  1.0
Hexes          | |  2.6

Action                     |  1- 3 |  4- 6 || total
---------------------------+-------+-------++-------
   Fire: Sling             |   130 |   137 ||   267
    Use: Scroll            |     4 |     2 ||     6
         Potion            |       |     4 ||     4
 Armour: Robe              |    21 |       ||    21
         Ring mail         |     6 |    56 ||    62
  Dodge: Dodged            |    35 |    59 ||    94

Table legend:
 A = Non-vault XP
 B = Vault XP
 C = Vault XP percentage of total XP
 D = Non-vault monster count
 E = Vault monster count
 F = Vault count percentage of total count
                 A         B        C        D         E       F
            +---------+---------+-------+---------+---------+-------
      Total |     373 |     214 |  36.5 |      64 |       1 |   1.5
            +---------+---------+-------+---------+---------+-------
        D:1 |      58 |       0 |   0.0 |      34 |       0 |   0.0
        D:2 |      42 |       0 |   0.0 |      10 |       0 |   0.0
        D:3 |      46 |     214 |  82.3 |      12 |       1 |   7.7
        D:4 |     227 |       0 |   0.0 |       8 |       0 |   0.0
            +---------+---------+-------+---------+---------+-------
